 Dungeon Crawl Stone Soup version 0.29.1-15-g9cfb28693d (webtiles) character file.

Game seed: 10693594414318427710

19 javelincjr the Magician (level 2, 0/22 HPs)
             Began as a Djinni Conjurer on Apr 26, 2023.
             Slain by a jackal (1 damage)
             ... on level 1 of the Dungeon.
             The game lasted 00:01:23 (512 turns).

javelincjr the Magician (Djinni Conjurer)            Turns: 512, Time: 00:01:24

Health: 0/22       AC:  2    Str:  6    XL:     2   Next: 95%
Gold:   5          EV: 12    Int: 19    God:
                   SH:  0    Dex: 11

rFire   + + +      SeeInvis .   g - +1 dagger (holy)
rCold   . . .      Faith    .   (no shield)
rNeg    . . .      Spirit   .   a - +0 robe
rPois   ∞          Reflect  .   (no helmet)
rElec   +          Harm     .   (no cloak)
rCorr   +          Rampage  .   (no gloves)
Will    .....                   (boots unavailable)
Stlth   ++........              (no amulet)
HPRegen 0.07/turn               (no ring)
MPRegen 0.00/turn               (no ring)

@: resistant, flying
A: sickness immunity, fire resistance 2, cold vulnerability 1, float, innate
caster, HP casting, extra vitality 1
a: no special abilities


You were on level 1 of the Dungeon.
You visited 1 branch of the dungeon, and saw 1 of its levels.

You collected 5 gold pieces.

Inventory:

Hand Weapons
 g - a +1 dagger of holy wrath (weapon)
Armour
 a - a +0 robe (worn)
Scrolls
 b - a scroll of immolation {unknown}
 d - 3 scrolls of identify {unknown}
 e - a scroll of teleportation {unknown}
Potions
 f - a potion of ambrosia {unknown}


   Skills:
 * Level 1.1 Fighting
 + Level 0.5 Armour
 + Level 2.4 Dodging
 + Level 1.7 Stealth
 * Level 3.4 Spellcasting


You couldn't memorise any spells.
You knew the following spells:

 Your Spells              Type           Power      Damage    Failure   Level
a - Magic Dart            Conj           64%        1d6       3%          1
b - Searing Ray           Conj           32%        2d5       5%          2
c - Dazzling Flash        Conj/Hex       32%        N/A       11%         3
d - Fulminant Prism       Conj/Hex       8%         3d7       34%         4
e - Iskenderun's Mystic   Conj/Tloc      16%        2d5       34%         4
Your spell library was empty.

Dungeon Overview and Level Annotations

Branches:
Dungeon (1/15)

Altars:


Innate Abilities, Weirdness & Mutations

You are immune to sickness and miasma.
You are immune to poison.
Your flesh is very heat resistant. (rF++)
You are vulnerable to cold. (rC-)
You float through the air rather than walking.
You learn spells naturally, not from books.
Your magical power is your life essence.
You have superior vitality. (+4 MHP)


Message History

Things that are here:
a +0 dagger; a goblin corpse The bat attacks as you move away!
The bat hits you but does no damage. The bat closely misses you.
A jackal comes into view.
You miss the jackal.
The jackal is severely wounded.
The bat misses you. The jackal misses you. The bat closely misses you.
You barely miss the jackal.
The jackal barks!
Your punch misses the jackal.
The jackal is severely wounded.
The bat barely misses you. The jackal bites you. x2
* * * LOW HITPOINT WARNING * * *
You hit the jackal.
You kill the jackal!
The bat barely misses you. The jackal misses you.
The jackal bites you but does no damage.
You closely miss the quokka. The bat barely misses you.
The quokka barely misses you. The jackal bites you.
* * * LOW HITPOINT WARNING * * *
The quokka bites you.
* * * LOW HITPOINT WARNING * * *
You barely miss the quokka. The jackal completely misses you.
The quokka closely misses you.
You hit the quokka.
The quokka is heavily wounded.
The bat misses you. The bat hits you but does no damage.
The jackal bites you but does no damage.
The quokka bites you but does no damage.
The jackal closely misses you.
You miss the quokka.
The quokka is heavily wounded.
The bat misses you. The jackal barely misses you. The quokka bites you.
* * * LOW HITPOINT WARNING * * *
It was a potion of resistance.
You feel protected. The jackal barely misses you. The quokka misses you.
The bat hits you but does no damage. The jackal bites you.
You die...

...... .)# ##### .... ##..
.>..# #... ..## #.##.#
###$.. ...###.###.########
#....#####.#.#.............#
#..........#..#.###.######.#
#?#.....###..#.##b###.###
#.#
........)....).r@h......#
#.#
....[.....†..####.###.#.##
#.#
.###...............##....#
#.#
....#.#######.....####..#
#.# ###.#.# #.###.# #..# #.#
#.#.# #.# #.# #..# #.# # #.#
#.# #.####..# #.# #.# #.#
#.......# #.# ..# #..####.#
#.#


You could see a quokka, a jackal and a bat.

Vanquished Creatures
  3 bats (D:1)
  4 goblins (D:1)
  5 jackals (D:1)
  A kobold (D:1)
  A ball python (D:1)
  2 frilled lizards (D:1)
  A rat (D:1)
17 creatures vanquished.

Notes
Turn   | Place    | Note
-------+----------+-------------------------------------------
     0 | D:1      | javelincjr the Djinni Conjurer began the quest for the Orb.
     0 | D:1      | javelincjr set off with the following spells memorised:
                  | Magic Dart, Searing Ray, Dazzling Flash, Fulminant Prism,
                  | Iskenderun's Mystic Blast.
     0 | D:1      | Reached XP level 1. HP: 15/15 MP: 0/0
   243 | D:1      | Reached XP level 2. HP: 20/22 MP: 0/0
   469 | D:1      | Reached skill level 1 in Fighting
   511 | D:1      | HP: 1/22 [quokka (2)]
   512 | D:1      | Slain by a jackal

Illustrated notes

Levels and vault maps discovered:
D:1:      roderic_octagonal_star, layout_loops_ring

Skill      XL: |  1  2 |
---------------+-------+-----
Fighting       | 1 |  1.1
Armour         | |  0.5
Dodging        | |  2.4
Stealth        | |  1.7
Spellcasting   | |  3.4

Action                   || total
-------------------------++-------
Melee: Dagger            ||    11
       Unarmed           ||     3
 Cast: Magic Dart        ||    24
  Use: Potion            ||     1
Armor: Robe              ||     7
Dodge: Dodged            ||    23
